 Dungeon Crawl Stone Soup version 0.25.1-8-g42b30a86e7 (webtiles) character file.

Game seed: 12369853658651501268

2232 Cazemata the Cleaver (level 9, -4/70 HPs)
             Began as a Minotaur Berserker on Dec 22, 2020.
             Was a High Priest of Trog.
             Killed from afar by an electric eel (10 damage)
             ... with a bolt of electricity
             ... on level 6 of the Dungeon.
             The game lasted 00:14:41 (6447 turns).

Cazemata the Cleaver (Minotaur Berserker)           Turns: 6447, Time: 00:14:42

Health: -4/70      AC:  8    Str: 24    XL:     9   Next: 14%
Magic:  8/8        EV: 11    Int:  6    God:    Trog [*****.]
Gold:   432        SH:  0    Dex:  9    Spells: 8/8 levels left

rFire    . . .     SeeInvis .   a - +1 hand axe
rCold    . . .     Gourm    .   (no shield)
rNeg     . . .     Faith    .   h - +0 ring mail
rPois    .         Spirit   .   (helmet restricted)
rElec    .         Reflect  .   j - +2 cloak
rCorr    .         Harm     .   (no gloves)
MR       +....                  (no boots)
Stlth    ..........             (no amulet)
HPRegen  0.21/turn              o - ring of protection from magic
MPRegen  0.11/turn              (no ring)

@: no status effects
A: retaliatory headbutt, horns 2
a: Berserk, Trog's Hand, Brothers in Arms, Renounce Religion


You were on level 6 of the Dungeon.
You worshipped Trog.
Trog was extremely pleased with you.
You were hungry.

You visited 1 branch of the dungeon, and saw 6 of its levels.

You collected 432 gold pieces.

Inventory:

Hand Weapons
 a - a +1 hand axe (weapon)
 d - a +3 vorpal flail
Missiles
 i - a throwing net (quivered)
Armour
 h - a +0 ring mail (worn)
 j - a +2 cloak (worn)
Jewellery
 o - a ring of protection from magic (left hand)
Wands
 b - a wand of flame (33)
 l - a wand of clouds (4)
 n - a wand of enslavement (3)
Scrolls
 e - 7 scrolls of remove curse
 f - 4 scrolls of identify
 g - 2 scrolls of enchant armour
 k - a scroll of magic mapping
 m - a scroll of fear
 p - a scroll of teleportation
Potions
 q - a potion of flight
Comestibles
 c - 8 rations


   Skills:
 * Level 3.6 Fighting
 - Level 14.2 Axes
 - Level 2.4 Armour
 - Level 2.1 Dodging


You had 8 spell levels left.
You didn't know any spells.
Your spell library was empty.

Dungeon Overview and Level Annotations

Branches:
Dungeon (6/15)
 Temple: D:4-7

Altars:
Kikubaaqudgha
Sif Muna
The Shining One


Innate Abilities, Weirdness & Mutations

You reflexively headbutt those who attack you in melee.
You have a pair of horns on your head.


Message History

The electric eel shoots out a bolt of lightning at you!
The bolt of electricity hits you!
The electric eel shoots out a bolt of lightning at you!
The bolt of electricity hits you!
The electric eel shoots out a bolt of lightning at you!
The bolt of electricity hits the electric eel.
The electric eel completely resists.
The bolt of electricity hits you!
* * * LOW HITPOINT WARNING * * *
The electric eel shoots out a bolt of lightning at you!
The bolt of electricity hits the electric eel.
The electric eel completely resists.
The bolt of electricity hits you.
* * * LOW HITPOINT WARNING * * *
The electric eel shoots out a bolt of lightning at you!
The bolt of electricity hits you!
* * * LOW HITPOINT WARNING * * *
The bolt of electricity misses you.
The electric eel shoots out a bolt of lightning at you!
The bolt of electricity hits the electric eel.
The electric eel completely resists.
The bolt of electricity hits you!
You die...

#.........# #..# ###.........#
##.## .##.........# #..#
.#####.>....# ##.## .# ##.....#
#..# .######.....# ##.#
......'.....# #.#######
#####.#.....###########.......#
................@.............#
..............................#
≈≈≈≈≈≈≈.≈≈.≈.≈.≈≈.≈≈≈≈≈≈≈≈.≈≈≈#
≈≈≈≈≈≈≈≈≈≈≈≈≈≈≈≈≈≈≈≈≈≈≈≈≈≈≈≈≈≈#
≈≈≈≈≈≈≈≈≈≈≈≈≈≈≈≈≈≈≈≈;≈≈≈≈≈≈≈≈≈#
≈≈≈≈≈≈≈≈≈≈≈≈≈≈≈≈#####≈≈≈≈≈≈≈≈≈#
#################...#;≈≈≈≈≈≈≈≈#
.#..............#...#≈≈≈≈≈≈≈≈≈#
.)...)(..))))...#...#≈≈≈≈≈≈≈


You could see 2 electric eels.

Vanquished Creatures
  Grinder (D:6)
  A phantom (D:4)
  2 ogres
  A centaur (D:6)
  7 big kobolds (D:6)
  Blork the orc (D:4)
  A gnoll sergeant (D:6)
  2 scorpions (D:4)
  3 wights (D:6)
  2 howler monkeys (D:6)
  An electric eel (D:6)
  A crimson imp (D:6)
  2 hounds
  Crazy Yiuf (D:2)
  A centaur skeleton (D:6)
  A jelly (D:5)
  4 orc wizards
  3 worker ants
  Robin (D:3)
  A worker ant zombie (D:6)
  8 gnolls (D:6)
  A howler monkey skeleton (D:6)
  12 adders
  2 shadow imps
  5 worms
  3 dart slugs
  3 leopard geckos
  6 orcs
  9 giant cockroaches
  18 goblins
  9 hobgoblins
  10 jackals
  5 quokkas
  2 ball pythons
  9 bats
  5 frilled lizards
  51 kobolds
  A leopard gecko skeleton (D:4)
  5 rats
  2 fungi (D:1)
203 creatures vanquished.

Notes
Turn   | Place    | Note
-------+----------+-------------------------------------------
     0 | D:1      | Cazemata the Minotaur Berserker began the quest for the
                  | Orb.
     0 | D:1      | Reached XP level 1. HP: 19/19 MP: 0/0
   181 | D:1      | Reached skill level 4 in Axes
   186 | D:1      | Reached XP level 2. HP: 23/26 MP: 1/1
   637 | D:1      | Reached skill level 5 in Axes
   933 | D:1      | Reached ** piety under Trog
   933 | D:1      | Reached XP level 3. HP: 31/31 MP: 2/2
  1130 | D:2      | Found a runed translucent door.
  1131 | D:2      | Noticed Crazy Yiuf
  1144 | D:2      | Killed Crazy Yiuf
  1327 | D:2      | Reached XP level 4. HP: 38/39 MP: 3/3
  1333 | D:2      | Reached skill level 6 in Axes
  1912 | D:2      | Found a glowing golden altar of the Shining One.
  2064 | D:3      | Found an ancient bone altar of Kikubaaqudgha.
  2066 | D:3      | Found a shimmering blue altar of Sif Muna.
  2145 | D:3      | Reached skill level 7 in Axes
  2145 | D:3      | Reached XP level 5. HP: 32/45 MP: 4/4
  2297 | D:3      | Noticed Robin
  2320 | D:3      | Killed Robin
  2320 | D:3      | Reached *** piety under Trog
  2721 | D:3      | Reached skill level 8 in Axes
  3113 | D:4      | Noticed Blork the orc
  3121 | D:4      | Killed Blork the orc
  3121 | D:4      | Reached XP level 6. HP: 51/51 MP: 5/5
  3308 | D:4      | Found a shimmering blue altar of Sif Muna.
  3515 | D:4      | Reached skill level 9 in Axes
  3519 | D:4      | Reached **** piety under Trog
  3545 | D:4      | Reached XP level 7. HP: 35/57 MP: 6/6
  3878 | D:4      | Reached skill level 10 in Axes
  4062 | D:5      | Entered Level 5 of the Dungeon
  4845 | D:4      | Reached skill level 11 in Axes
  4848 | D:4      | Identified Sif Muna's Incunabulum of Intoxication
  5091 | D:6      | Reached XP level 8. HP: 35/64 MP: 7/7
  5368 | D:6      | Found an ancient bone altar of Kikubaaqudgha.
  5408 | D:6      | Reached skill level 12 in Axes
  5537 | D:6      | Reached skill level 13 in Axes
  5864 | D:6      | Reached ***** piety under Trog
  5902 | D:6      | Reached XP level 9. HP: 55/70 MP: 8/8
  6176 | D:6      | Noticed Grinder
  6189 | D:6      | Killed Grinder
  6189 | D:6      | Reached skill level 14 in Axes
  6447 | D:6      | Killed from afar by an electric eel

Illustrated notes

Levels and vault maps discovered:
D:1:      dpeg_cavernosity, layout_basic
D:2:      layout_basic, nicolae_tso_swordbearing_angel, uniq_crazy_yiuf_cottage
D:3:      layout_loops_ring, grunt_temple_overflow_open, st_stairs_1,
          minmay_misc_feat_enclosed, uniq_robin
D:4:      layout_basic, st_stairs_13, grunt_ministairs_7, hangedman_decor_push,
          led_sif_book, uniq_blork_the_orc
D:5:      layout_rooms, first_ration
D:6:      minmay_goblin_kobold_castle, layout_basic, basic_altar, uniq_grinder

Skill      XL: |  1  2  3  4  5  6  7  8  9 |
---------------+----------------------------+-----
Axes           | 4 5 7 8 9 11 13 14 | 14.2
Fighting       | |  3.6
Armour         | |  2.4
Dodging        | |  2.1

Action                   |  1- 3 |  4- 6 |  7- 9 || total
-------------------------+-------+-------+-------++-------
Melee: Hand axe          |    75 |   216 |   240 ||   531
       Headbutt          |    18 |    37 |    38 ||    93
Invok: Trog's Hand       |     1 |       |     1 ||     2
       Berserk           |       |       |     1 ||     1
  Use: Scroll            |       |    10 |     3 ||    13
       Potion            |       |     2 |     1 ||     3
  Eat: Chunk             |     2 |     7 |     6 ||    15
       Ration            |       |       |     1 ||     1
Armor: Animal skin       |     7 |       |       ||     7
       Ring mail         |     4 |    79 |    70 ||   153
Dodge: Dodged            |    42 |    94 |   127 ||   263
